 Dungeon Crawl Stone Soup version 0.28-a0-932-g843f935a50 (webtiles) character file.

Game seed: 2493153863467413552

12418 yyy the Thaumaturge (level 11, -2/54 HPs)
             Began as a Deep Elf Conjurer on Nov 26, 2021.
             Slain by a green ugly thing (9 damage)
             ... on level 9 of the Dungeon on Nov 27, 2021.
             The game lasted 01:44:57 (16265 turns).

yyy the Thaumaturge (Deep Elf Conjurer)            Turns: 16265, Time: 01:44:58

Health: -2/54      AC:  7    Str:  1 (4)  XL:     11   Next: 62%
Magic:  31/31      EV: 13    Int: 24 (27) God:
Gold:   703        SH:  0    Dex: 11 (13) Spells: 35/39 levels left

rFire   . . .      SeeInvis .   Q - staff of poison
rCold   . . .      Faith    .   (no shield)
rNeg    + . .      Spirit   .   o - +2 robe
rPois   +          Reflect  +   e - +0 helmet
rElec   .          Harm     .   n - +0 cloak
rCorr   +          Rampage  .   G - +0 pair of gloves
Will    +....                   (no boots)
Stlth   +.........              F - amulet of reflection
HPRegen 0.18/turn               H - ring of resist corrosion
MPRegen 0.22/turn               P - ring of positive energy

@: confused, mighty, lethally poisoned (-2 -> -11), ambrosia-drunk, spiked,
flying, hasted, very quick
A: no striking features
a: no special abilities


You were on level 9 of the Dungeon.
You visited 1 branch of the dungeon, and saw 9 of its levels.
You also visited: Sewer.

You collected 703 gold pieces.

Inventory:

Hand Weapons
 m - a +3 quarterstaff of chaos
 C - a +2 dagger of venom
Missiles
 f - 330 stones
 J - 76 arrows
Armour
 e - a +0 helmet (worn)
 n - a +0 cloak (worn)
 o - a +2 robe (worn)
 D - the +0 robe of the Eleven Friends {Slay+4}
   (You found it on level 4 of the Dungeon)

   Slay:      It affects your accuracy & damage with ranged weapons and melee
   (+4).
 G - a +0 pair of gloves (worn)
Magical Staves
 k - a staff of air
 Q - a staff of poison (weapon)
 Y - a staff of cold
Jewellery
 t - a ring of protection from cold
 F - an amulet of reflection (around neck)
 H - a ring of resist corrosion (left hand)
 M - a ring of flight
 P - a ring of positive energy (right hand)
 T - a +6 ring of strength
 U - a +6 ring of strength
Wands
 j - a wand of paralysis (1)
 r - a wand of acid (2)
 E - a wand of iceblast (20)
 L - a wand of flame (41)
 R - a wand of digging (6)
 V - a wand of polymorph (5)
 Z - a wand of mindburst (14)
Scrolls
 a - 2 scrolls of immolation {unknown}
 b - 3 scrolls of teleportation
 c - 3 scrolls of fear {unknown}
 i - a scroll of enchant armour {unknown}
 l - a scroll of torment {unknown}
 p - 3 scrolls of summoning {unknown}
 s - 5 scrolls of enchant weapon {unknown}
 u - 2 scrolls of holy word {unknown}
 w - 3 scrolls of amnesia {unknown}
 y - a scroll of acquirement {unknown}
 B - 3 scrolls of identify
 N - a scroll of silence {unknown}
 S - a scroll of noise {unknown}
Potions
 d - 2 potions of brilliance {unknown}
 g - 4 potions of lignification
 q - 2 potions of degeneration
 v - a potion of berserk rage {unknown}
 x - 2 potions of magic
 z - 2 potions of might
 A - 4 potions of haste
 I - a potion of cancellation {unknown}
 K - a potion of flight
 W - a potion of ambrosia
 X - a potion of curing {unknown}


   Skills:
 - Level 0.1 Short Blades
 + Level 5.2 Dodging
 + Level 4.9 Stealth
 + Level 1.4 Shields
 + Level 14.6 Spellcasting
 + Level 13.0 Conjurations
 + Level 9.2 Earth Magic


You had 35 spell levels left.
You knew the following spells:

 Your Spells              Type           Power      Damage    Failure   Level
a - Magic Dart            Conj           100%       1d8       0%          1
b - Stone Arrow           Conj/Erth      100%       3d13      1%          3

Your spell library contained the following spells:

 Spells                   Type           Power      Damage    Failure   Level
 Foxfire                  Conj/Fire      100%       2x1d9     1%          1
 Searing Ray              Conj           100%       2d8       1%          2
 Conjure Flame            Conj/Fire      48%        6-21      1%          3
 Dazzling Flash           Conj/Hex       96%        N/A       1%          3
 Flame Wave               Conj/Fire      48%        3d9       2%          4
 Fulminant Prism          Conj/Hex       24%        3d13      2%          4
 Iskenderun's Mystic Bla  Conj/Tloc      48%        2d11      2%          4
 Animate Skeleton         Necr           34%        N/A       3%          1
 Pain                     Necr           68%        1d7       3%          1
 Slow                     Hex            68%        N/A       3%          1
 Animate Armour           Summ/Erth      78%        N/A       4%          4
 Petrify                  Tmut/Erth      39%        N/A       4%          4
 Confusing Touch          Hex            17%        N/A       10%         3
 Inner Flame              Hex/Fire       17%        N/A       10%         3
 Vampiric Draining        Necr           17%        2d7       10%         3
 Alistair's Intoxication  Tmut/Pois      17%        N/A       67%         5
 Lehudib's Crystal Spear  Conj/Erth      31%        10d8      92%         8
 Chain Lightning          Conj/Air       24%        3d32      100%        9


Dungeon Overview and Level Annotations

Branches:
Dungeon (9/15)             Temple (0/1) D:6           Sewer (visited)
   Lair: D:8-11         Orc: D:9-12

Altars:
Wu Jian

Shops:
D:7 *   D:8 (


Message History

The barbed spikes dig painfully into your body as you move.
The barbed spikes dig painfully into your body as you move.
The barbed spikes dig painfully into your body as you move.
The barbed spikes dig painfully into your body as you move.
The barbed spikes dig painfully into your body as you move.
The green ugly thing gores you.
You are lethally poisoned!
The green ugly thing poisons you!
You are too confused!
You feel much better.
You feel very sick.
The floating eye changes into a wind drake!
It was a potion of degeneration.
There was something very wrong with that liquid.
You feel weakened.
You feel dopey.
You feel clumsy.
You feel very sick.
The wind drake changes into a komodo dragon!
The green ugly thing closely misses you.
It was a potion of magic.
Magic courses through your body.
You feel very sick.
The manticore flicks its tail.
The volley of spikes misses you. The green ugly thing gores you.
You are too confused!
You feel much better.
You feel sick.
It was a potion of might.
You feel very mighty all of a sudden.
You feel very sick. The green ugly thing gores you!
Q - a staff of poison (weapon)
You feel sick.
It was a potion of flight.
You feel very buoyant.
You fly up into the air.
You feel sick. The green ugly thing barely misses you.
The komodo dragon bites you!!
* * * LOW HITPOINT WARNING * * *
It was a potion of ambrosia.
You are more confused.
You feel invigorated.
* * * LOW HITPOINT WARNING * * *
You feel sick. The green ugly thing gores you!
You die...

#).....####.....####......#
#......# ##...## #..R...#
#....### #...# ###.☼..# ###....#
###'### #..°.##### ..#'####
##.....## ####'#.... ..#...###
##)......## ###...#####
..#†...[###.........###.....#####
..#.......#......H..#.......#....
..'...⌠...#....⌠@l..'...⌠...'....
..#.......#......u..#.......#....
..#.....###.........###..H..#....
..#...### ##.......## ###...#....
..##### ##.....## ###'#.... ..#
####### ))##### ..# ...# ..#
....##### ..# .....#..))


You could see a green ugly thing, a manticore and a komodo dragon shaped
shifter.

Vanquished Creatures
  Harold (D:7)
  A boulder beetle (D:9)
  An ogre mage (D:9)
  2 centaur warriors (D:9)
  A deep elf archer (D:9)
  A cyclops (D:9)
  2 gargoyles
  An efreet (D:9)
  A tengu conjurer (D:9)
  Grinder (D:5)
  A hornet (D:9)
  3 vampires (D:9)
  6 yaks (D:9)
  A wyvern (D:9)
  Eustachio (D:4)
  A basilisk (D:6)
  Menkaure (D:4)
  An acid dragon (D:6)
  Duvessa (D:4)
  5 water moccasins
  5 orc warriors
  2 sky beasts
  2 ice beasts (D:6)
  2 black bears (D:5)
  2 necrophages (D:6)
  4 ogres
  A centaur (D:7)
  A phantom (D:3)
  2 kobold brigands
  Blork the orc (D:5)
  2 bullfrogs
  4 scorpions
  A water moccasin zombie (D:6)
  A wyvern skeleton (D:7)
  Dowan (D:4)
  A water moccasin skeleton (D:5)
  11 killer bees
  7 howler monkeys
  6 centaur zombies
  3 gnoll shamans
  3 orc priests
  3 bullfrog skeletons
  2 jellies
  Crazy Yiuf (D:2)
  Jessica (D:2)
  2 centaur skeletons
  2 iguanas (D:5)
  Terence (D:3)
  10 orc wizards
  A hound zombie (D:5)
  Robin (D:3)
  2 howler monkey zombies
  6 gnolls
  11 adders
  3 river rats (Sewer)
  A shadow imp (D:6)
  A white imp (D:7)
  An ufetubus (D:6)
  2 worms (D:3)
  2 dart slugs
  30 orcs
  3 endoplasms
  3 giant cockroaches
  11 goblins
  9 hobgoblins
  3 jackals (D:5)
  33 kobolds
  5 quokkas
  9 ball pythons
  5 bats
  2 frilled lizards (Sewer)
  A quokka skeleton (D:4)
  27 rats
289 creatures vanquished.

Vanquished Creatures (others)
  A killer bee zombie (D:9)
  An orc wizard (D:9)
  A kobold (D:8)
3 creatures vanquished.

Grand Total: 292 creatures vanquished

Notes
Turn   | Place    | Note
-------+----------+-------------------------------------------
     0 | D:1      | yyy the Deep Elf Conjurer began the quest for the Orb.
     0 | D:1      | Reached XP level 1. HP: 10/10 MP: 6/6
   170 | D:1      | Reached XP level 2. HP: 15/15 MP: 5/8
   318 | D:1      | Reached skill level 5 in Conjurations
   478 | D:1      | Reached XP level 3. HP: 13/19 MP: 0/10
  1118 | D:2      | Found a runed translucent door.
  1119 | D:2      | Noticed Crazy Yiuf
  1134 | D:2      | Killed Crazy Yiuf
  1135 | D:2      | Reached skill level 4 in Spellcasting
  1280 | D:2      | Learned a level 3 spell: Stone Arrow
  1288 | D:2      | Reached XP level 4. HP: 24/24 MP: 6/12
  1340 | D:2      | Noticed Jessica
  1342 | D:2      | Killed Jessica
  1756 | D:2      | Found a faded altar of an unknown god.
  2490 | D:3      | Found an ornate altar of the Wu Jian Council.
  2534 | D:3      | Found a glowing drain.
  2543 | Sewer    | Entered a sewer
  2571 | Sewer    | Reached XP level 5. HP: 28/28 MP: 9/14
  3012 | Sewer    | Reached skill level 1 in Earth Magic
  3079 | Sewer    | Reached skill level 5 in Spellcasting
  3875 | D:3      | Noticed Terence
  4059 | D:3      | Noticed Robin
  4122 | D:3      | Killed Robin
  4483 | D:3      | Reached XP level 6. HP: 32/32 MP: 14/16
  4864 | D:3      | Killed Terence
  4865 | D:3      | Reached skill level 6 in Spellcasting
  5025 | D:4      | Noticed Dowan
  5029 | D:4      | Noticed Duvessa
  5038 | D:4      | Noticed Menkaure
  5412 | D:4      | Noticed Eustachio
  5551 | D:4      | Killed Duvessa
  5817 | D:4      | Killed Eustachio
  5818 | D:4      | Reached skill level 7 in Spellcasting
  5818 | D:4      | Reached XP level 7. HP: 36/36 MP: 9/19
  5820 | D:4      | Killed Menkaure
  6002 | D:4      | Killed Dowan
  6232 | D:4      | Identified the +0 robe of the Eleven Friends {Slay+4}
  6234 | D:4      | Upgraded the game from 0.28-a0-925-gd5e1996cdb to
                  | 0.28-a0-932-g843f935a50
  6567 | D:5      | Entered Level 5 of the Dungeon
  6575 | D:5      | Reached skill level 8 in Spellcasting
  6589 | D:5      | Reached XP level 8. HP: 41/41 MP: 9/22
  6843 | D:5      | Noticed Blork the orc
  6846 | D:5      | Killed Blork the orc
  7507 | D:5      | Reached skill level 9 in Spellcasting
  7816 | D:5      | Noticed Grinder
  7823 | D:5      | Killed Grinder
  8066 | D:6      | Found a staircase to the Ecumenical Temple.
  8511 | D:6      | Reached XP level 9. HP: 45/45 MP: 17/24
  8690 | D:6      | Reached skill level 10 in Spellcasting
  9298 | D:6      | Reached skill level 5 in Earth Magic
  9465 | D:6      | Reached skill level 10 in Conjurations
  9572 | D:6      | Reached skill level 11 in Spellcasting
  9867 | D:6      | Noticed a gargoyle
  9872 | D:6      | Killed a gargoyle
 10601 | D:7      | Reached skill level 1 in Shields
 10609 | D:7      | Reached XP level 10. HP: 50/50 MP: 8/27
 10614 | D:7      | Got Bass's Handbook of Hurtful Transformation
 11039 | D:7      | Found Ebliege's General Store.
 11046 | D:7      | Reached skill level 12 in Spellcasting
 11554 | D:7      | Noticed Harold
 11560 | D:7      | Killed Harold
 11988 | D:8      | Noticed a gargoyle
 11996 | D:8      | Killed a gargoyle
 12468 | D:8      | Found Cajiet's Antique Weapon Boutique.
 12853 | D:8      | Reached skill level 13 in Spellcasting
 13901 | D:9      | Noticed a centaur warrior
 13905 | D:9      | Killed a centaur warrior
 13906 | D:9      | Reached XP level 11. HP: 24/54 MP: 4/30
 14189 | D:9      | Noticed a centaur warrior
 14195 | D:9      | Killed a centaur warrior
 14267 | D:9      | Noticed a boulder beetle
 15093 | D:9      | Reached skill level 14 in Spellcasting
 15754 | D:9      | Reached skill level 5 in Dodging
 16019 | D:9      | Killed a boulder beetle
 16223 | D:9      | Noticed a deep elf archer
 16223 | D:9      | Noticed an ogre mage
 16226 | D:9      | Killed a deep elf archer
 16229 | D:9      | Killed an ogre mage
 16230 | D:9      | Noticed a green ugly thing
 16265 | D:9      | Slain by a green ugly thing

Illustrated notes

Levels and vault maps discovered:
D:1:      dpeg_arrival_rooms_c, layout_rooms, nrook_campfire,
          corexii_item_surrounded_by_moat, chequers_serial_rivers_micro_c
D:2:      layout_basic, ebering_ecumenical_altar_sacrificial, uniq_jessica,
          uniq_crazy_yiuf_cottage
D:3:      layout_loops_corners, pdpol_wu_jian_five_deadly_venoms,
          portal_sewer_entry_d, patterned_corridor, uniq_terence, uniq_robin
D:4:      layout_basic, uniq_menkaure, uniq_duvessa, uniq_eustachio
D:5:      layout_rooms, grunt_decor_resistance,
          amcnicky_mini_rare_corridor_liquid, uniq_blork_the_orc, uniq_grinder
D:6:      cheibrodos_fzero, layout_basic, minmay_temple_entry_mist,
          wad_rectangle_vault
D:7:      layout_gridville, serial_shops, shop, chequers_serial_rivers_marsh,
          minmay_checkerbox, uniq_harold
D:8:      layout_cave_pods, serial_shops, kennysheep_mini
D:9:      layout_long_grid, nicolae_rejected_hall

Skill      XL: |  1  2  3  4  5  6  7  8  9 10 11 |
---------------+----------------------------------+-----
Conjurations   | 5 6 7 9 10 11 13 | 13.0
Spellcasting   | 4 5 7 8 9 11 13 14 | 14.6
Earth Magic    | 1 2 4 6 8 9 |  9.2
Dodging        | 3 4 5 |  5.2
Stealth        | 3 4 |  4.9
Shields        | 1 |  1.4
Short Blades   | |  0.1

Action                   |  1- 3 |  4- 6 |  7- 9 | 10-12 || total
-------------------------+-------+-------+-------+-------++-------
Melee: Short sword       |     3 |       |       |       ||     3
       Staff             |     3 |       |       |       ||     3
 Cast: Magic Dart        |    57 |   153 |   118 |   108 ||   436
       Stone Arrow       |       |    36 |   109 |   176 ||   321
  Use: Scroll            |       |       |     3 |     2 ||     5
       Potion            |       |       |       |    13 ||    13
Armor: Robe              |     1 |    19 |     7 |    11 ||    38
Dodge: Dodged            |     5 |    31 |    17 |    34 ||    87
Block: Other             |       |       |     7 |    13 ||    20
       Reflection        |       |       |       |     4 ||     4

Table legend: (Time is in decaauts)
 A = Elapsed time spent in this place.
 B = Non-inter-level travel time spent in this place.
 C = Inter-level travel time spent in this place.
 D = Time resting spent in this place.
 E = Time spent auto-exploring this place.
 F = Levels seen in this place.
 G = Mean time per level.
                   A        B        C        D        E       F      G
               +--------+--------+--------+--------+--------+-----+--------+
         Total |  16296 |  15544 |    752 |   2523 |  10463 |  10 | 1629.6 |
       Dungeon |  15130 |  14378 |    752 |   2523 |   9522 |   9 | 1681.1 |
         Sewer |   1165 |   1165 |      0 |      0 |    940 |   1 | 1165.0 |
               +--------+--------+--------+--------+--------+-----+--------+

Top non-repeatable levels by time:
     D:9: 2587 daAuts
     D:3: 2552 daAuts
     D:6: 2071 daAuts
     D:5: 1720 daAuts
     D:8: 1709 daAuts
     D:7: 1608 daAuts
     D:2: 1212 daAuts
   Sewer: 1165 daAuts
     D:1: 968 daAuts
     D:4: 700 daAuts
